AA SOUTH
WEST VIRGINIA BLACK BEARS @ BIRMINGHAM BARONS
05/18/2042
 
TOP OF THE 1ST
West Virginia Black Bears batting - Pitching for Birmingham Barons : RHP Luis Chávez
Pitching: RHP Luis Chávez
Batting: LHB Chuck Christian 0-0: Bunted foul
0-1: Ball
1-1: Foul Ball, location: 3F
1-2: Strikes out swinging
Batting: RHB Julián Martínez 0-0: Ball
1-0: Ball
2-0: Ball
3-0: Called Strike
3-1: Called Strike
3-2: Fly out, F9 (Flyball, 9, EV 90.0 MPH)
Batting: LHB Charlie Upton 0-0: Ball
1-0: Ball
2-0: Ball
3-0: Called Strike
3-1: Called Strike
3-2: Ground out U3 (Groundball, 3, EV 80.0 MPH)
Top of the 1st over - 0 runs, 0 hits, 0 errors, 0 left on base; West Virginia 0 - Birmingham 0
BOTTOM OF THE 1ST
Birmingham Barons batting - Pitching for West Virginia Black Bears : RHP Bob Hopper
Pitching: RHP Bob Hopper
Batting: RHB Sergio Rodríguez 0-0: Ball
1-0: Ball
2-0: Ball
3-0: Called Strike
3-1: Ground out 6-3 (Groundball, 6, EV 90.6 MPH)
Batting: RHB José Chavarría 0-0: Ball
1-0: Ground out 4-3 (Groundball, 4MD, EV 106.9 MPH)
Batting: RHB Joe Young 0-0: Foul Ball, location: 2F
0-1: Called Strike
0-2: Ball
1-2: SINGLE (Line Drive, 89M, EV 100.6 MPH)
Batting: RHB Jon Nelson 0-0: Called Strike
0-1: Called Strike
Joe Young steals 2nd base
0-2: Foul Ball, location: 5F
0-2: Foul Ball, location: 2F
0-2: Ball
1-2: Strikes out looking
Bottom of the 1st over - 0 runs, 1 hit, 0 errors, 1 left on base; West Virginia 0 - Birmingham 0
TOP OF THE 2ND
West Virginia Black Bears batting - Pitching for Birmingham Barons : RHP Luis Chávez
Batting: RHB Thad Bunch 0-0: Ball
1-0: Foul Ball, location: 7LMF
1-1: Ball
2-1: Called Strike
2-2: Ball
3-2: Strikes out swinging
Batting: RHB Alex Levington 0-0: DOUBLE (Flyball, 89D, EV 102.5 MPH)
Batting: SHB José Hernández 0-0: Ball
1-0: Ball
2-0: Ground out 5-3 (Groundball, 5, EV 101.3 MPH)
Batting: RHB Kevin Davis 0-0: Fly out, F7 (Line Drive, 7, EV 90.6 MPH)
Top of the 2nd over - 0 runs, 1 hit, 0 errors, 1 left on base; West Virginia 0 - Birmingham 0
BOTTOM OF THE 2ND
Birmingham Barons batting - Pitching for West Virginia Black Bears : RHP Bob Hopper
Batting: LHB Rusty Hamm 0-0: Foul Ball, location: 7LSF
0-1: Foul Ball, location: 3F
0-2: Ball
1-2: Ball
2-2: Fly out, F9 (Line Drive, 89M, EV 103.1 MPH)
Batting: SHB Ken Ortíz 0-0: Ball
1-0: SINGLE (Flyball, 3D, EV 91.9 MPH)
Batting: RHB Luis Trevino 0-0: Foul Ball, location: 9LSF
0-1: Ball
Ken Ortíz is caught stealing 2nd base 2-4
1-1: Swinging Strike
1-2: Fly out, F8 (Flyball, 8LM, EV 85.6 MPH)
Bottom of the 2nd over - 0 runs, 1 hit, 0 errors, 0 left on base; West Virginia 0 - Birmingham 0
TOP OF THE 3RD
West Virginia Black Bears batting - Pitching for Birmingham Barons : RHP Luis Chávez
Batting: RHB Kevin Wadley 0-0: Fly out, F9 (Line Drive, 9, EV 93.8 MPH)
Batting: RHB Tim Ward 0-0: Swinging Strike
0-1: Swinging Strike
0-2: Ball
1-2: Strikes out swinging
Batting: LHB Chuck Christian 0-0: Ball
1-0: Ball
2-0: Ball
3-0: Called Strike
3-1: Foul Ball, location: 2F
3-2: Base on Balls
Batting: RHB Julián Martínez 0-0: Ball
Chuck Christian is caught stealing 2nd base 2-4
Top of the 3rd over - 0 runs, 0 hits, 0 errors, 0 left on base; West Virginia 0 - Birmingham 0
BOTTOM OF THE 3RD
Birmingham Barons batting - Pitching for West Virginia Black Bears : RHP Bob Hopper
Batting: RHB Alfredo Pacheco 0-0: Called Strike
0-1: Foul Ball, location: 9LSF
0-2: Ball
1-2: Ball
2-2: Ground out 5-3 (Groundball, 5, EV 81.9 MPH)
Batting: RHB César Chapa 0-0: Ball
1-0: Fly out, F9 (Flyball, 9, EV 82.5 MPH)
Batting: RHB Sergio Rodríguez 0-0: Ground out 5-3 (Groundball, 5, EV 101.9 MPH)
Bottom of the 3rd over - 0 runs, 0 hits, 0 errors, 0 left on base; West Virginia 0 - Birmingham 0
TOP OF THE 4TH
West Virginia Black Bears batting - Pitching for Birmingham Barons : RHP Luis Chávez
Batting: RHB Julián Martínez 0-0: Ground out 6-3 (Groundball, 6M, EV 86.9 MPH)
Batting: LHB Charlie Upton 0-0: Ball
1-0: Swinging Strike
1-1: Ball
2-1: Ball
3-1: Base on Balls
Batting: RHB Thad Bunch 0-0: Ball
1-0: Grounds into double play, 6-4-3 (Groundball, 6, EV 82.5 MPH)
Top of the 4th over - 0 runs, 0 hits, 0 errors, 0 left on base; West Virginia 0 - Birmingham 0
BOTTOM OF THE 4TH
Birmingham Barons batting - Pitching for West Virginia Black Bears : RHP Bob Hopper
Batting: RHB José Chavarría 0-0: Ball
1-0: Swinging Strike
1-1: Fly out, F7 (Flyball, 78M, EV 85.6 MPH)
Batting: RHB Joe Young 0-0: Called Strike
0-1: Ball
1-1: Ball
2-1: Swinging Strike
2-2: Ball
3-2: Base on Balls
Batting: RHB Jon Nelson 0-0: Foul Ball, location: 7LMF
0-1: Foul Ball, location: 2F
0-2: Ball
1-2: Ball
2-2: Ball
3-2: Strikes out swinging
Joe Young is caught stealing 2nd base 2-4
Batter strikes out.
Bottom of the 4th over - 0 runs, 0 hits, 0 errors, 0 left on base; West Virginia 0 - Birmingham 0
TOP OF THE 5TH
West Virginia Black Bears batting - Pitching for Birmingham Barons : RHP Luis Chávez
Batting: RHB Alex Levington 0-0: Ball
1-0: Ground out 6-3 (Groundball, 6M, EV 86.3 MPH)
Batting: SHB José Hernández 0-0: Foul Ball, location: 7LDF
0-1: Fly out, F9 (Line Drive, 9, EV 98.8 MPH)
Batting: RHB Kevin Davis 0-0: SINGLE (Groundball, 6D, EV 98.1 MPH)
Batting: RHB Kevin Wadley 0-0: Ball
1-0: Foul Ball, location: 2F
1-1: Swinging Strike
1-2: Ball
Kevin Davis is caught stealing 2nd base 2-4
Top of the 5th over - 0 runs, 1 hit, 0 errors, 0 left on base; West Virginia 0 - Birmingham 0
BOTTOM OF THE 5TH
Birmingham Barons batting - Pitching for West Virginia Black Bears : RHP Bob Hopper
Batting: LHB Rusty Hamm 0-0: Ball
1-0: Called Strike
1-1: Foul Ball, location: 2F
1-2: Ball
2-2: Foul Ball, location: 3DF
2-2: Ball
3-2: Base on Balls
Batting: SHB Ken Ortíz 0-0: Bunted foul
0-1: DOUBLE (Flyball, 89D, EV 107.5 MPH)
Rusty Hamm to third
Batting: RHB Luis Trevino 0-0: Ball
1-0: Ball
2-0: Called Strike
2-1: Fly out, F3 (Popup, 3F, EV 65.0 MPH)
Batting: RHB Alfredo Pacheco 0-0: Called Strike
0-1: Swinging Strike
0-2: Fielders Choice attempt at home, Runner SAFE. 6-2 (Groundball, 6, EV 80.6 MPH)
Ken Ortíz to third
Batting: RHB César Chapa 0-0: Called Strike
0-1: Foul Ball, location: 2F
0-2: Ball
1-2: Ball
2-2: Ball
3-2: Base on Balls
Alfredo Pacheco to second
Batting: RHB Sergio Rodríguez 0-0: Grounds into double play, 6-4-3 (Groundball, 6, EV 97.5 MPH)
Bottom of the 5th over - 1 run, 1 hit, 0 errors, 2 left on base; West Virginia 0 - Birmingham 1
TOP OF THE 6TH
West Virginia Black Bears batting - Pitching for Birmingham Barons : RHP Luis Chávez
Batting: RHB Kevin Wadley 0-0: Called Strike
0-1: Foul Ball, location: 2F
0-2: Foul Ball, location: 2F
0-2: Strikes out swinging
Batting: RHB Tim Ward 0-0: Ball
1-0: Foul Ball, location: 5F
1-1: Foul Ball, location: 25F
1-2: Foul Ball, location: 2F
1-2: SINGLE (Groundball, 4MD, EV 100.6 MPH)
Batting: LHB Chuck Christian 0-0: Ball
1-0: Ball
2-0: Called Strike
2-1: Foul Ball, location: 7LDF
2-2: Foul Ball, location: 7LDF
2-2: Ball
3-2: Foul Ball, location: 2F
3-2: SINGLE (Groundball, 34, EV 88.1 MPH)
Tim Ward to second
Pitching: RHP Juan Sosa
Batting: SHB Jeff Hansen 0-0: Foul Ball, location: 23F
0-1: Ball
1-1: Grounds into double play, 6-4-3 (Groundball, 6S, EV 88.1 MPH)
Top of the 6th over - 0 runs, 2 hits, 0 errors, 1 left on base; West Virginia 0 - Birmingham 1
BOTTOM OF THE 6TH
Birmingham Barons batting - Pitching for West Virginia Black Bears : RHP Bob Hopper
Batting: RHB José Chavarría 0-0: Ball
1-0: Ball
2-0: Ball
3-0: Base on Balls
Batting: RHB Joe Young 0-0: Ball
1-0: Bunted foul
1-1: Ball
2-1: Ball
3-1: Bunted foul
3-2: Foul Ball, location: 9LSF
3-2: SINGLE (Groundball, 4D, EV 110.6 MPH)
José Chavarría to second
Runner from 2nd tries for 3rd, OUT! 8-5
Batting: RHB Jon Nelson 0-0: Ball
1-0: Ball
2-0: Foul Ball, location: 9LDF
2-1: Ball
3-1: Foul Ball, location: 5F
3-2: SINGLE (Groundball, 6MD, EV 95.0 MPH)
Joe Young to second
Joe Young to third
Pitching: LHP José Ramírez
Batting: LHB Rusty Hamm 0-0: Ball
1-0: Foul Ball, location: 3FF
1-1: Ball
Wild Pitch!
Joe Young scores
Jon Nelson to second
2-1: Ball
3-1: Foul Ball, location: 2RF
3-2: Foul Ball, location: 9LSF
3-2: Ground out 4-3 (Groundball, 4, EV 93.1 MPH)
Jon Nelson to third
Batting: SHB Ken Ortíz 0-0: Ball
1-0: Ball
2-0: Foul Ball, location: 3FF
2-1: Swinging Strike
2-2: Foul Ball, location: 9LMF
2-2: Strikes out looking
Bottom of the 6th over - 1 run, 2 hits, 0 errors, 1 left on base; West Virginia 0 - Birmingham 2
TOP OF THE 7TH
West Virginia Black Bears batting - Pitching for Birmingham Barons : RHP Juan Sosa
Batting: LHB Charlie Upton 0-0: Swinging Strike
0-1: Ball
1-1: Foul Ball, location: 2F
1-2: Foul Ball, location: 2F
1-2: Ground out U3 (Groundball, 34S, EV 85.6 MPH)
Batting: RHB Thad Bunch 0-0: Called Strike
0-1: Ball
1-1: Foul Ball, location: 2F
1-2: Strikes out swinging
Batting: RHB Alex Levington 0-0: Ball
1-0: Ball
2-0: Called Strike
2-1: Foul Ball, location: 3F
2-2: SINGLE (Line Drive, 89S, EV 87.5 MPH)
Batting: SHB José Hernández 0-0: Called Strike
0-1: Swinging Strike
0-2: Strikes out swinging
Top of the 7th over - 0 runs, 1 hit, 0 errors, 1 left on base; West Virginia 0 - Birmingham 2
BOTTOM OF THE 7TH
Birmingham Barons batting - Pitching for West Virginia Black Bears : LHP José Ramírez
Batting: RHB Luis Trevino 0-0: Ball
1-0: Foul Ball, location: 3FF
1-1: Foul Ball, location: 2F
1-2: Ball
2-2: Ball
3-2: SOLO HOME RUN (Flyball, 7D, EV 103.8 MPH), Distance : 395 ft
Batting: RHB Alfredo Pacheco 0-0: Foul Ball, location: 7LDF
0-1: Swinging Strike
0-2: Ball
1-2: Foul Ball, location: 2RF
1-2: Ground out 2-3 (Groundball, 2R, EV 71.9 MPH)
Batting: RHB César Chapa 0-0: Foul Ball, location: 3FF
0-1: Ball
1-1: Ball
2-1: Swinging Strike
2-2: Foul Ball, location: 9LDF
2-2: Ball
3-2: Foul Ball, location: 5FF
3-2: Foul Ball, location: 9LSF
3-2: Base on Balls
Batting: RHB Sergio Rodríguez 0-0: Ball
1-0: Ball
2-0: Called Strike
2-1: Foul Ball, location: 9LDF
2-2: Ball
3-2: Foul Ball, location: 23F
3-2: Base on Balls
César Chapa to second
Batting: RHB José Chavarría 0-0: Ball
1-0: SINGLE (Groundball, 4MD, EV 100.6 MPH)
César Chapa to third
Sergio Rodríguez to second
Runner from 3rd tries for Home, SAFE, throw by CF to home
Batting: RHB Joe Young 0-0: Ball
Sergio Rodríguez steals 3rd base
José Chavarría to second
1-0: SINGLE (Groundball, 6MD, EV 98.8 MPH)
Sergio Rodríguez scores
José Chavarría to third
Pitching: RHP Eli Simmons
Batting: RHB Jon Nelson 0-0: Foul Ball, location: 7LSF
0-1: Fly out, F8 (Flyball, 78M, EV 79.4 MPH)
Batting: LHB Rusty Hamm 0-0: Ball
1-0: Ball
2-0: Ball
3-0: Base on Balls
Joe Young to second
Batting: SHB Ken Ortíz 0-0: Called Strike
0-1: Ball
1-1: Ball
2-1: Ball
3-1: Foul Ball, location: 2F
3-2: TRIPLE (Line Drive, 78XD, EV 98.1 MPH)
José Chavarría scores
Joe Young scores
Rusty Hamm scores
Pinch Hitting: RHB Kurt Gallagher 0-0: Ground out 1-3 (Groundball, 15, EV 64.4 MPH)
Bottom of the 7th over - 6 runs, 4 hits, 0 errors, 1 left on base; West Virginia 0 - Birmingham 8
TOP OF THE 8TH
West Virginia Black Bears batting - Pitching for Birmingham Barons : RHP Juan Sosa
Now at 1B: Curtis Granderson Jr.
Batting: RHB Kevin Davis 0-0: Ball
1-0: Fly out, F8 (Line Drive, 8RM, EV 99.4 MPH)
Pinch Hitting: LHB Chris MacIntosh 0-0: Ball
1-0: Ball
2-0: Swinging Strike
2-1: Foul Ball, location: 23F
2-2: Fly out, F7 (Flyball, 7LS, EV 91.3 MPH)
Batting: RHB Tim Ward 0-0: Ball
1-0: Ball
2-0: Ball
3-0: Base on Balls
Batting: LHB Chuck Christian 0-0: Called Strike
0-1: Swinging Strike
0-2: Ball
1-2: Ball
2-2: DOUBLE (Flyball, 8RXD, EV 112.5 MPH)
Tim Ward to third
Batting: SHB Jeff Hansen 0-0: Called Strike
0-1: Ball
1-1: Foul Ball, location: 7LDF
1-2: Strikes out swinging
Top of the 8th over - 0 runs, 1 hit, 0 errors, 2 left on base; West Virginia 0 - Birmingham 8
BOTTOM OF THE 8TH
Birmingham Barons batting - Pitching for West Virginia Black Bears : RHP Eli Simmons
Now at 2B: Brad Miller
Now at SS: Kevin Davis
Batting: RHB Alfredo Pacheco 0-0: Ground out 4-3 (Groundball, 4S, EV 85.0 MPH)
Batting: RHB César Chapa 0-0: Ball
1-0: Foul Ball, location: 7LDF
1-1: Called Strike
1-2: Fly out, F8 (Flyball, 8RXD, EV 106.3 MPH)
Batting: RHB Sergio Rodríguez 0-0: Ball
1-0: Swinging Strike
1-1: Called Strike
1-2: Ball
2-2: Ball
3-2: Base on Balls
Batting: RHB José Chavarría 0-0: Ball
Sergio Rodríguez steals 2nd base (no throw)
1-0: Foul Ball, location: 2F
1-1: SINGLE (Line Drive, 8LS, EV 107.5 MPH)
Sergio Rodríguez to third
Runner from 3rd tries for Home, SAFE, throw by CF to home
José Chavarría to second
Batting: RHB Joe Young 0-0: Foul Ball, location: 23F
0-1: Foul Ball, location: 3F
0-2: Strikes out swinging
Bottom of the 8th over - 1 run, 1 hit, 0 errors, 1 left on base; West Virginia 0 - Birmingham 9
TOP OF THE 9TH
West Virginia Black Bears batting - Pitching for Birmingham Barons : RHP Juan Sosa
Pinch Hitting: RHB Anastasio Navarro 0-0: Ball
1-0: Swinging Strike
1-1: Foul Ball, location: 23F
1-2: Strikes out swinging
Batting: RHB Thad Bunch 0-0: Called Strike
0-1: Fly out, F6 (Popup, P, EV 83.8 MPH)
Pinch Hitting: RHB Ty Johnston 0-0: Ball
1-0: Called Strike
1-1: Swinging Strike
1-2: Ball
2-2: Strikes out swinging
Top of the 9th over - 0 runs, 0 hits, 0 errors, 0 left on base; West Virginia 0 - Birmingham 9
Wednesday, May 1st , 2024 - OOTP Baseball 24.10 Build 82